 Dungeon Crawl Stone Soup version 0.28-a0-1510-gd0f6b136d3 (webtiles) character file.

Game seed: 533937057103583697

1064 dolemite99 the Cleaver (level 8, -18/64 HPs)
             Began as a Hill Orc Monk on Jan 15, 2022.
             Was an Elder of Jiyva.
             Killed from afar by Maggie (28 damage)
             ... with a bolt of fire
             ... on level 8 of the Dungeon.
             The game lasted 00:05:58 (4377 turns).

dolemite99 the Cleaver (Hill Orc Monk)              Turns: 4377, Time: 00:05:59

Health: -18/64     AC: 11    Str: 14 (16) XL:     8   Next: 27%
Magic:  8/8        EV:  2    Int:  9 (12) God:    Jiyva [****..]
Gold:   135        SH:  6    Dex: 10 (13) Spells: 7/7 levels left

rFire   . . .      SeeInvis .   a - +0 hand axe
rCold   . . .      Faith    .   g - +0 kite shield
rNeg    . . .      Spirit   .   d - +0 plate armour
rPois   .          Reflect  .   (no helmet)
rElec   .          Harm     .   (no cloak)
rCorr   +          Rampage  .   x - +0 pair of gloves
Will    .....      Clarity  +   (no boots)
Stlth   ..........              (no amulet)
HPRegen 1.48/turn               (no ring)
MPRegen 0.51/turn               (no ring)

@: no status effects
A: clarity, clever 1, wild magic 3, evolution 2, tendrils, jelly absorbing
missiles
a: Renounce Religion, Oozemancy, Slimify


You were on level 8 of the Dungeon.
You worshipped Jiyva.
Jiyva was greatly pleased with you.
You visited 1 branch of the dungeon, and saw 7 of its levels.

You collected 135 gold pieces.

Inventory:

Hand Weapons
 a - a +0 hand axe (weapon)
 j - a +1 short sword of protection
 r - a +0 hunting sling
 y - a +0 hand crossbow of freezing
 A - a +1 halberd of freezing
 B - a +0 morningstar
Missiles
 k - 40 stones (quivered)
 o - 16 bolts
 v - 19 sling bullets
 w - 6 poisoned darts
Armour
 d - a +0 plate armour (worn)
 g - a +0 kite shield (worn)
 x - a +0 pair of gloves (worn)
Magical Staves
 l - a staff of earth
 m - a staff of fire
Jewellery
 p - a ring of resist corrosion
 q - a ring of flight
 t - an amulet of magic regeneration
Scrolls
 b - a scroll of immolation {unknown}
 c - 3 scrolls of identify {unknown}
 e - a scroll of noise {unknown}
 h - a scroll of fear {unknown}
 s - a scroll of magic mapping {unknown}
 u - a scroll of brand weapon {unknown}
 z - a scroll of summoning {unknown}
Potions
 f - a potion of lignification {unknown}
 i - 2 potions of degeneration
 n - 2 potions of mutation {unknown}


   Skills:
 - Level 3.6 Fighting
 + Level 12.8 Axes
 - Level 2.4 Dodging
 - Level 1.5 Stealth


You had 7 spell levels left.
You didn't know any spells.
Your spell library was empty.

Dungeon Overview and Level Annotations

Branches:
Dungeon (6/15)
 Temple: D:4-7

Altars:
Dithmenos
Elyvilon
Ru
Vehumet
Yredelemnul
Jiyva

Shops:
D:4 :

Annotations:
D:8 Maggie


Innate Abilities, Weirdness & Mutations

You possess an exceptional clarity of mind.
Your mind is acute. (Int +2)
Your spells are much harder to cast, but much more powerful.
You have great hidden genetic potential.
You are covered in slimy tendrils that may disarm your opponents.
You have a small jelly attached to you that may absorb projectiles.


Message History

You see here 16 gold pieces.
You now have 135 gold pieces (gained 16).
The necrophage hits you.
You closely miss the necrophage. You barely miss the necrophage.
You block the necrophage's attack.
A centaur comes into view.
The centaur shouts!
You slash the necrophage!
The necrophage is moderately damaged.
The necrophage hits you.
The centaur wields a +0 shortbow.
The centaur shoots an arrow.
The arrow hits you.
You hit the necrophage.
The necrophage is moderately damaged.
The necrophage hits you but does no damage.
The centaur shoots an arrow.
The arrow hits you.
You hit the necrophage.
The necrophage is moderately damaged.
You block the necrophage's attack.
Maggie the Vainglorious comes into view.
She is wielding a +0 war axe and carrying a wand of flame (9).
You stop calling forth ooze.
Maggie shouts!
The centaur shoots an arrow.
The arrow hits you.
Maggie points at you and mumbles some strange words.
The bolt of fire hits you!!
Found a stone staircase leading up.
The centaur shoots an arrow.
The arrow hits you!
Maggie points at you and mumbles some strange words.
The bolt of fire hits you!!
* * * LOW HITPOINT WARNING * * *
Found 13 gold pieces.
Maggie mumbles some strange words.
Maggie attempts to bespell you!
You are unaffected.
Okay, then.
It was a potion of degeneration.
There was something very wrong with that liquid.
You feel weakened.
You feel dopey.
You feel clumsy.
Maggie says, "If you die in the Dungeon, but nobody's around to see it, does it really matter?"
Maggie points at you and mumbles some strange words.
The bolt of fire hits you!!
You die...

.... .........##[...
..... ##.#.#..........
#.#..# #.####...[......
......###...............
.......#................
.......##.....c...[.....
...[....................
.......n##..............
.......@##......†.......
....@.<.#.......#.......
...............###......
.......>.......# #......
...............# ###....
................ #...
#...............# ...
.$............ .. .


You could see Maggie and a necrophage.

Vanquished Creatures
  A sky beast (D:8)
  3 scorpions
  A water moccasin skeleton (D:6)
  5 wights (D:8)
  A howler monkey (D:8)
  2 centaur zombies (D:5)
  A bullfrog skeleton (D:5)
  A hound (D:5)
  A scorpion zombie (D:5)
  An iguana (D:4)
  3 orc wizards
  A hound zombie (D:3)
  3 hound skeletons (D:4)
  Robin (D:2)
  A howler monkey skeleton (D:3)
  5 adders
  A gnoll (D:5)
  An adder skeleton (D:4)
  4 worms
  3 dart slugs
  16 orcs
  6 ball pythons
  2 endoplasms (D:1)
  A giant cockroach (D:1)
  6 goblins (D:2)
  9 hobgoblins
  5 quokkas
  7 bats
  6 frilled lizards
  5 kobolds
  4 rats
107 creatures vanquished.

Vanquished Creatures (others)
  A necrophage (D:4)
  A centaur (D:4)
  An orc priest (D:4)
  3 jellies
  2 orc wizards
  2 gnolls (D:5)
  2 adders
  2 worms
  2 dart slugs (D:4)
  6 orcs
  4 endoplasms
  A giant cockroach (D:4)
  3 hobgoblins
  A quokka (D:5)
  2 ball pythons
  A frilled lizard (D:3)
  A goblin (D:2)
  4 kobolds (D:4)
39 creatures vanquished.

Grand Total: 146 creatures vanquished

Notes
Turn   | Place    | Note
-------+----------+-------------------------------------------
     0 | D:1      | dolemite99 the Hill Orc Monk began the quest for the Orb.
     0 | D:1      | Reached XP level 1. HP: 19/19 MP: 1/1
   433 | D:1      | Reached XP level 2. HP: 26/26 MP: 2/2
   625 | D:1      | Reached skill level 5 in Axes
   847 | D:1      | Reached XP level 3. HP: 31/31 MP: 3/3
  1368 | D:2      | Found a faded altar of an unknown god.
  1372 | D:2      | Prayed at the altar of an unknown god.
  1372 | D:2      | Became a worshipper of Jiyva Jofogos the Shapeless
  1372 | D:2      | Reached * piety under Jiyva
  1372 | D:2      | Reached ** piety under Jiyva
  1433 | D:2      | Reached skill level 6 in Axes
  1669 | D:2      | Reached XP level 4. HP: 39/39 MP: 4/4
  1741 | D:2      | Noticed Robin
  1758 | D:2      | Killed Robin
  1910 | D:3      | Reached *** piety under Jiyva
  1918 | D:3      | Gained mutation: You possess an exceptional clarity of
                  | mind. [Jiyva's grace]
  1918 | D:3      | Gained mutation: Your spells are a little harder to cast,
                  | but a little more powerful. [Jiyva's grace]
  1918 | D:3      | Gained mutation: Your spells are harder to cast, but more
                  | powerful. [Jiyva's grace]
  1918 | D:3      | Gained mutation: Your spells are much harder to cast, but
                  | much more powerful. [Jiyva's grace]
  1919 | D:3      | Found a sacrificial altar of Ru.
  1967 | D:3      | Reached skill level 7 in Axes
  2103 | D:3      | Found a white marble altar of Elyvilon.
  2159 | D:3      | Reached XP level 5. HP: 36/45 MP: 5/5
  2328 | D:4      | Reached skill level 8 in Axes
  2602 | D:4      | Reached XP level 6. HP: 51/51 MP: 6/6
  2689 | D:4      | Found Orphen's Book Shoppe.
  2748 | D:4      | Reached skill level 9 in Axes
  2875 | D:4      | Found a radiant altar of Vehumet.
  2909 | D:4      | Reached **** piety under Jiyva
  2941 | D:4      | Killed a necrophage
  3072 | D:4      | Found a shadowy altar of Dithmenos.
  3115 | D:4      | Found a basalt altar of Yredelemnul.
  3120 | D:4      | Identified the +3 robe of Nongikuv {Int+4}
  3255 | D:5      | Entered Level 5 of the Dungeon
  3255 | D:5      | Gained mutation: You have hidden genetic potential.
                  | [Jiyva's grace]
  3255 | D:5      | Gained mutation: You have great hidden genetic potential.
                  | [Jiyva's grace]
  3255 | D:5      | Gained mutation: You have a small jelly attached to you
                  | that may absorb projectiles. [Jiyva's grace]
  3255 | D:5      | Gained mutation: You are covered in slimy tendrils that may
                  | disarm your opponents. [Jiyva's grace]
  3329 | D:5      | Reached skill level 10 in Axes
  3345 | D:5      | Reached XP level 7. HP: 57/57 MP: 7/7
  3671 | D:5      | Gained mutation: Your mind is acute. (Int +2) [hidden
                  | potential]
  4221 | D:6      | Reached skill level 11 in Axes
  4253 | D:6      | Reached ***** piety under Jiyva
  4304 | D:6      | You fall into a shaft and drop 2 floors!
  4322 | D:8      | Reached skill level 12 in Axes
  4322 | D:8      | Reached XP level 8. HP: 63/64 MP: 8/8
  4373 | D:8      | Noticed Maggie
  4377 | D:8      | Killed from afar by Maggie

Illustrated notes

Levels and vault maps discovered:
D:1:      dpeg_arrival_round_c, layout_loops_corners, st_stairs_5
D:2:      layout_loops_ring, nicolae_ecumenical_lake_church, uniq_robin
D:3:      layout_rooms, mainiacjoe_overflow_tiny_flanked, lemuel_crystal_altar,
          serial_park_tiny_2
D:4:      layout_cave_pools, nicolae_vehumet_radiance,
          mainiacjoe_overflow_paths, serial_shops, kennysheep_little_box,
          amethyst_killhole, minmay_ruined_shrine
D:5:      layout_basic
D:6:      layout_layer_cave, mainiacjoe_overflow_catch_the_wave,
          nicolae_overflow_crystal_walls
D:8:      layout_cave_pools, nicolae_wu_jian_glorious_leap, uniq_maggie

Skill      XL: |  1  2  3  4  5  6  7 |
---------------+----------------------+-----
Axes           | 5 6 7 8 10 12 | 12.8
Fighting       | |  3.6
Dodging        | |  2.4
Stealth        | |  1.5

Action                   |  1- 3 |  4- 6 |  7- 9 || total
-------------------------+-------+-------+-------++-------
Melee: Hand axe          |   154 |   187 |    99 ||   440
       Punch             |     2 |       |       ||     2
Throw: Stone             |       |    23 |    18 ||    41
Invok: Oozemancy         |       |     3 |     2 ||     5
  Use: Potion            |       |       |     1 ||     1
Armor: Plate armour      |    98 |   139 |    68 ||   305
       Robe              |     2 |       |       ||     2
Dodge: Dodged            |    24 |    19 |    14 ||    57
Block: Kite shield       |    30 |    57 |    33 ||   120

Table legend: (Time is in decaauts)
 A = Elapsed time spent in this place.
 B = Non-inter-level travel time spent in this place.
 C = Inter-level travel time spent in this place.
 D = Time resting spent in this place.
 E = Time spent auto-exploring this place.
 F = Levels seen in this place.
 G = Mean time per level.
                   A        B        C        D        E       F      G
               +--------+--------+--------+--------+--------+-----+--------+
         Total |   4427 |   4274 |    153 |    358 |   2796 |   7 |  632.4 |
       Dungeon |   4427 |   4274 |    153 |    358 |   2796 |   7 |  632.4 |
               +--------+--------+--------+--------+--------+-----+--------+

Top non-repeatable levels by time:
     D:1: 1104 daAuts
     D:2: 833 daAuts
     D:4: 777 daAuts
     D:5: 682 daAuts
     D:3: 609 daAuts
     D:6: 350 daAuts
     D:8: 70 daAuts
